[Event "*** Titled Tuesday Blitz"]
[Site "Chess.com"]
[Date "2020.11.24"]
[Round "6"]
[White "sopo-tereladze"]
[Black "onetowin"]
[Result "0-1"]
[WhiteElo "2290"]
[BlackElo "2122"]
[TimeControl "180+1"]
[EndTime "11:22:34 PST"]
[Termination "onetowin won on time"]

1. d4 Nf6 2. Nf3 e6 3. Bf4 d5 4. e3 Bd6 5. Bd3 O-O 6. O-O c5 7. c3 Nc6 8. Ne5 Qc7 9. Nxc6 Bxf4 10. exf4 bxc6 11. Qf3 cxd4 12. cxd4 Bb7 13. Nd2 c5 14. dxc5 Qxc5 15. Rfe1 Qb4 16. Rab1 Qxd2 17. a3 Rac8 18. h3 Ne4 19. Re2 Qa5 20. f5 Qc5 21. Rf1 exf5 22.
Qxf5 g6 23. Qf4 Qd4 24. Re3 Rfe8 25. Rfe1 Qxb2 26. f3 Qf6 27. Qh2 Nd6 28. Rxe8+ Rxe8 29. Rxe8+ Nxe8 30. Qb8 Bc6 31. Kh1 Qd6 32. Qxa7 Qc7 33.
Qe3 Nd6 34. h4 Nc4 35. Qc5 Qd6 36. Qxd6 Nxd6 37. Bc2 Nc4 38. a4 Kf8 39. Kg1 d4 40. Kf2 Ke7 41. Ke2 Kd6 42. Bb3 Kc5 43. f4 f6 0-1

[Event "*** Titled Tuesday Blitz"]
[Site "Chess.com"]
[Date "2020.11.24"]
[Round "6"]
[White "pooh2012"]
[Black "GurevichMikhail"]
[Result "0-1"]
[WhiteElo "2478"]
[BlackElo "2616"]
[TimeControl "180+1"]
[EndTime "11:22:35 PST"]
[Termination "GurevichMikhail won by resignation"]

1. d4 d6 2. Nc3 g6 3. h4 Nf6 4.
Bg5 Nbd7 5. e4 h6 6. Be3 c6 7. f3 b5 8. a3 Bb7 9. g4 Bg7 10. Bg2 Nb6 11. b3 h5 12. g5 Nfd7 13. Nge2 Qc7 14.
f4 a5 15. Qd2 b4 16. axb4 axb4 17. Rxa8+ Bxa8 18. Nd1 c5 19. d5 O-O 20. O-O e6 21.
dxe6 fxe6 22. c4 Nb8 23. Nf2 Nc6 24. Bh3 Qe7 25. Nd3 Nd7 26. f5 exf5 27. exf5 Re8 28. Bf2 Qxe2 29. Qxe2 Rxe2 30. f6 Nxf6 31. gxf6 Bxf6 32. Nf4 Rb2 33. Nd5 Bd4 34. Bxd4 Nxd4 35. Ne7+ Kg7 36. Nd5 Bxd5 37. cxd5 Ne2+ 38. Kh1 Ng3+ 0-1

[Event "*** Titled Tuesday Blitz"]
[Site "Chess.com"]
[Date "2020.11.24"]
[Round "6"]
[White "FLamps8"]
[Black "Astaneh"]
[Result "0-1"]
[WhiteElo "2477"]
[BlackElo "2615"]
[TimeControl "180+1"]
[EndTime "11:22:35 PST"]
[Termination "Astaneh won by checkmate"]

1. d4 Nf6 2. c4 e6 3. Nf3 Bb4+ 4. Nbd2 O-O 5. e3 c5 6. a3 Bxd2+ 7. Bxd2 Ne4 8. Bd3 d5 9. cxd5 Nxd2 10. Qxd2 Qxd5 11.
Qc2 cxd4 12. Bxh7+ Kh8 13. Be4 Qd6 14. Nxd4 f5 15. Bf3 Nd7 16. O-O Ne5 17. Rfd1 Qe7 18. Rac1 Qf6 19. Qc7 Bd7 20. Bxb7 Rae8 21. Nf3 Nxf3+ 22.
Bxf3 Ba4 23. Rd4 Bb5 24. a4 Ba6 25. Qxa7 e5 26. Rb4 e4 27. Rb6 Qg5 28. Qxa6 exf3 29.
Rg6 Qh5 30. Rg3 fxg2 31. Kxg2 Re4 32. Rc4 Rf6 33. Qa8+ Re8 34. Qf3 Qf7 35. Rh3+ Kg8 36. Qh5 Rg6+ 37. Kh1 Qd5+ 38. Rf3 Qd1# 0-1

[Event "*** Titled Tuesday Blitz"]
[Site "Chess.com"]
[Date "2020.11.24"]
[Round "6"]
[White "IceBelka"]
[Black "J36225"]
[Result "0-1"]
[WhiteElo "2318"]
[BlackElo "2469"]
[TimeControl "180+1"]
[EndTime "11:22:35 PST"]
[Termination "J36225 won on time"]

1. e4 e5 2. Nf3 Nc6 3. d4 exd4 4. Nxd4 Nf6 5. Nc3 Bb4 6. Nxc6 bxc6 7. Qd4 Qe7 8. f3 h6 9. Be3 c5 10. Qd3 d5 11. a3 Bxc3+ 12. bxc3 dxe4 13. Qb5+ Bd7 14. Qxc5 exf3 15. Qxe7+ Kxe7 16. Bc5+ Ke6 17. gxf3 Bc6 18.
Kf2 Rhe8 19. Rd1 Nd5 20. Bc4 Rad8 21. Rhe1+ Kf6 22. Rxe8 Rxe8 23. Bxd5 Bxd5 24. Rxd5 Rb8 25. Bxa7 Rb2 26. Rd2 Rb5 27. Bd4+ Kf5 28. Rd1 Ra5 29.
Ra1 g5 30. Ke3 f6 31. c4 Ra4 32. Kd3 Kf4 33. Bc5 f5 34. Rf1 h5 35. Bb4 Ke5 36.
Rg1 g4 37. Ke3 c5 38. Bxc5 Rxc4 39. f4+ Kd5 40. Bb4 Rxc2 41. Rd1+ Ke6 42. a4 Rb2 43.
Bc3 Ra2 44. a5 Rxh2 45. Ra1 g3 46. Kf3 Rc2 47. Be5 g2 48. a6 Ra2 49. Rxa2 g1=Q 50. a7 Qf1+ 0-1

[Event "*** Titled Tuesday Blitz"]
[Site "Chess.com"]
[Date "2020.11.24"]
[Round "6"]
[White "PaulfromSPb"]
[Black "kuban1991"]
[Result "0-1"]
[WhiteElo "2670"]
[BlackElo "2895"]
[TimeControl "180+1"]
[EndTime "11:22:37 PST"]
[Termination "kuban1991 won by resignation"]

1. d4 g6 2. h4 Bg7 3. h5 d5 4. h6 Bf6 5. Nf3 c5 6. c3 Nc6 7. Bf4 Qb6 8. e3 Qxb2 9. Nbd2 Bf5 10. Be2 c4 11. O-O Qxc3 12. Rc1 Qa5 13. e4 Bxe4 14. Nxe4 dxe4 15. Nd2 Nxd4 16. Nxc4 Qxa2 17. Bg4 Rd8 18. Qe1 g5 19. Bc7 Nxh6 20. Bxd8 Nxg4 21. Qxe4 Ne2+ 22. Kh1 Nxc1 23. Qxg4 Qe2 24. Nd6+ exd6 25. Qxe2+ Nxe2 26. Bxf6 O-O 27. Rd1 h6 28. g3 Re8 29. Rxd6 Re6 30. Rd8+ Kh7 31. Bb2 Kg6 32. Kg2 g4 33. Rd2 h5 34. Kf1 h4 35. Rxe2 Rxe2 36. Kxe2 h3 37. Kf1 Kf5 38. Kg1 a5 39. f3 gxf3 40. Bd4 Kg4 41. Kh2 b5 0-1

[Event "*** Titled Tuesday Blitz"]
[Site "Chess.com"]
[Date "2020.11.24"]
[Round "6"]
[White "platy3"]
[Black "Margency"]
[Result "0-1"]
[WhiteElo "2833"]
[BlackElo "2676"]
[TimeControl "180+1"]
[EndTime "11:22:37 PST"]
[Termination "Margency won on time"]

1. e4 c5 2. Nf3 d6 3. d4 cxd4 4. Qxd4 Nc6 5. Qe3 Nf6 6. h3 g6 7. Be2 Bg7 8. O-O O-O 9. c4 Be6 10. Nc3 Rc8 11. Rb1 Nd7 12. Bd2 a6 13. b3 h6 14. Qf4 Nde5 15. Nxe5 dxe5 16. Qe3 Nd4 17.
Bd3 Qd6 18. Rfd1 Rfd8 19. Bf1 Bd7 20. Nd5 Re8 21. Bb4 Qe6 22. f4 Nc2 23. Qb6 Nxb4 24. Qxb4 exf4 25. Qxb7 Bc6 26. Qa7 Qxe4 27. Qf2 Bxd5 28.
cxd5 Rc2 29. Bd3 Rxf2 30. Bxe4 Rxa2 31. Rbc1 Rb8 32. Rd3 Be5 33. Rc6 Bd6 34. h4 h5 35.
Kf1 a5 36. Rf3 Rb4 37. Bc2 Rd4 38. Rc8+ Kg7 39. Rc4 Rd2 40. Bd3 Ra1+ 0-1

[Event "*** Titled Tuesday Blitz"]
[Site "Chess.com"]
[Date "2020.11.24"]
[Round "6"]
[White "LikeWater"]
[Black "Angel_Hranitel_37"]
[Result "1-0"]
[WhiteElo "2619"]
[BlackElo "2482"]
[TimeControl "180+1"]
[EndTime "11:22:37 PST"]
[Termination "LikeWater won on time"]

1. e4 c5 2. Nc3 e6 3. f4 Nc6 4. Nf3 d5 5. Bb5 d4 6. Bxc6+ bxc6 7. Na4 d3 8. O-O Ba6 9. Re1 c4 10. b3 Nf6 11. Bb2 Be7 12. Ne5 cxb3 13. axb3 dxc2 14.
Qxc2 O-O 15. Nxc6 Qd7 16. Nxe7+ Qxe7 17. Ba3 Qd7 18. Bxf8 Rxf8 19. Nc5 Qd4+ 20. Kh1 Ng4 21. h3 Nf2+ 22. Kh2 Bb5 23. Qc3 Qd6 24. Qe3 Nd3 25.
Nxd3 Bxd3 26. Rxa7 Bb5 27. Rc1 e5 28. fxe5 Qxe5+ 29. Kh1 Qd6 30. e5 Qd5 31. Rc5 Qe6 32. Rxb5 Qf5 33.
Kh2 Rc8 34. Rbb7 h5 35. Rxf7 Qe6 36. Rxg7+ Kf8 37. Qf3+ Ke8 38. Qxh5+ Kd8 39. Qh8+ 1-0

[Event "*** Titled Tuesday Blitz"]
[Site "Chess.com"]
[Date "2020.11.24"]
[Round "6"]
[White "DanielNaroditsky"]
[Black "OK97"]
[Result "1-0"]
[WhiteElo "3018"]
[BlackElo "2785"]
[TimeControl "180+1"]
[EndTime "11:22:38 PST"]
[Termination "DanielNaroditsky won by resignation"]

1. b3 e5 2. Bb2 Nc6 3. Nf3 e4 4.
Nd4 Nxd4 5. Bxd4 Ne7 6. e3 d5 7. d3 Nf5 8. Bb2 Bb4+ 9. Nd2 d4 10. a3 Bxd2+ 11. Qxd2 dxe3 12. fxe3 Qh4+ 13. Qf2 Qxf2+ 14. Kxf2 exd3 15. cxd3 f6 16. Rc1 c6 17. e4 Nd6 18. Be2 Be6 19. b4 O-O 20. Rc5 Rad8 21. Rhc1 Rf7 22. g4 Rfd7 23. Ke3 Nb5 24. g5 fxg5 25.
Rxg5 Nd4 26. Rcg1 g6 27. Bxd4 Rxd4 28. h4 Bf7 29. h5 R4d6 30. h6 Rf8 31. a4 a6 32. b5 axb5 33. axb5 Ra8 34. Rf1 Ra5 35. Re5 Re6 36. Rxe6 Bxe6 37. d4 Ra3+ 38. Kf4 Ra2 39. Bf3 Kf7 40. bxc6 bxc6 41. Rc1 Ra6 42. d5 cxd5 43.
Rc7+ Ke8 44. Rxh7 dxe4 45. Bxe4 Ra1 46. Bxg6+ Kf8 47. Rh8+ Ke7 48. h7 Rf1+ 49. Ke3 Rh1 50. Re8+ Kf6 51. Be4 Rh3+ 52. Kd4 1-0

[Event "*** Titled Tuesday Blitz"]
[Site "Chess.com"]
[Date "2020.11.24"]
[Round "6"]
[White "malakismayil"]
[Black "KetiGrant"]
[Result "0-1"]
[WhiteElo "2256"]
[BlackElo "2414"]
[TimeControl "180+1"]
[EndTime "11:22:38 PST"]
[Termination "KetiGrant won by resignation"]

1. e4 c5 2. Nf3 Nc6 3. Bb5 g6 4.
c3 Nf6 5. Qe2 Bg7 6. d4 d5 7. e5 Ne4 8. O-O O-O 9. Bd3 cxd4 10. cxd4 Bg4 11. Be3 f5 12. exf6 exf6 13. Nc3 Re8 14.
h3 Bxf3 15. Qxf3 f5 16. Ne2 Kh8 17. Rac1 Rc8 18. a3 a6 19. Rfd1 Qb6 20. b4 Nxd4 21.
Nxd4 Rxc1 22. Rxc1 Bxd4 23. Bxd4+ Qxd4 24. Rd1 Qe5 25. Bc2 d4 26. Qd3 Rd8 27. Re1 Qd5 28. Bb3 Qd6 29.
f3 Nc3 30. Re6 Qg3 31. Re7 b5 32. Re6 Ne4 33. Rxe4 fxe4 34. Qxe4 d3 35. Qe7 Qd6 36. Qe2 dxe2 0-1

[Event "*** Titled Tuesday Blitz"]
[Site "Chess.com"]
[Date "2020.11.24"]
[Round "6"]
[White "esskeettit"]
[Black "lacafi"]
[Result "1-0"]
[WhiteElo "2468"]
[BlackElo "2199"]
[TimeControl "180+1"]
[EndTime "11:22:38 PST"]
[Termination "esskeettit won on time"]

1. d4 f5 2. g3 Nf6 3. Bg2 g6 4. Nh3 Bg7 5. Nf4 O-O 6. h4 d6 7. d5 c6 8. c4 e5 9. dxe6 Qe7 10. h5 g5 11. h6 Bh8 12. Nh3 g4 13. Nf4 Bxe6 14.
Qc2 Bd5 15. cxd5 Qd7 16. Ne6 Re8 17. Qxf5 cxd5 18. Qg5+ Kf7 19. Nd4 Nc6 20. Bxd5+ Nxd5 21. Qxd5+ Kf8 22. Qf5+ Qxf5 23. Nxf5 d5 24. Nc3 Rad8 25.
Bf4 d4 26. Nb5 d3 27. e3 a6 28. Nbd6 Re6 29. O-O-O Ne5 30. Kb1 Rexd6 31. Nxd6 Rxd6 32.
Bxe5 Bxe5 33. Rd2 Ke7 34. Rhd1 Rf6 35. Rxd3 Rxf2 36. Rd7+ Ke6 37. Rxb7 Rf3 38. Rxh7 Rxg3 39. Rb7 Rh3 40. h7 g3 41. Rb6+ Kf5 42. e4+ Kf4 43.
Rf1+ Kxe4 44. Re1+ Kd5 45. Rxa6 Bg7 46. Rg6 Bd4 47.
Rd1 1-0

[Event "*** Titled Tuesday Blitz"]
[Site "Chess.com"]
[Date "2020.11.24"]
[Round "6"]
[White "BlixLT"]
[Black "MikeSailer"]
[Result "1-0"]
[WhiteElo "2347"]
[BlackElo "2149"]
[TimeControl "180+1"]
[EndTime "11:22:38 PST"]
[Termination "BlixLT won on time"]

1. Nf3 d5 2. c4 c6 3. b3 Nf6 4. Bb2 Bf5 5. g3 e6 6. Bg2 Be7 7. O-O O-O 8. d3 h6 9. Nbd2 Nbd7 10. Re1 Bh7 11. e4 a5 12. e5 Ne8 13. d4 a4 14.
h4 Bb4 15. a3 Bxd2 16. Nxd2 axb3 17. Qxb3 dxc4 18. Nxc4 b5 19. Ne3 Rc8 20. Rac1 Qb6 21. Bc3 c5 22. d5 c4 23. Qd1 Bd3 24. Qh5 Nc5 25. Bb4 Nc7 26. d6 N7a6 27. Bc3 Nb3 28. Rcd1 Nac5 29. Ng4 Bg6 30. Nxh6+ gxh6 31. Qxh6 Nd3 32.
Re3 Nbc5 33. Bd4 Qd8 34. Be4 Bxe4 35. d7 Rc7 36. Bxc5 Nxc5 37. Rd4 Qe7 38. Rdxe4 Nxe4 39. Rxe4 1-0

[Event "*** Titled Tuesday Blitz"]
[Site "Chess.com"]
[Date "2020.11.24"]
[Round "6"]
[White "yourstrulyme"]
[Black "MatyChess1"]
[Result "1-0"]
[WhiteElo "2487"]
[BlackElo "2586"]
[TimeControl "180+1"]
[EndTime "11:22:39 PST"]
[Termination "yourstrulyme won by resignation"]

1. d4 Nf6 2. Nf3 e6 3. Bf4 c5 4. e3 Nc6 5. Nbd2 d5 6. c3 cxd4 7. exd4 Nh5 8. Bg3 g6 9. Bd3 Bg7 10. Qe2 Bd7 11. O-O O-O 12. Bd6 Re8 13. Rfe1 Bc8 14.
Bg3 Nxg3 15. hxg3 e5 16. dxe5 Nxe5 17. Nxe5 Rxe5 18. Qf3 Be6 19. Rxe5 Bxe5 20. Re1 Bg7 21. Nb3 Qb6 22. Qe3 d4 23. Nxd4 Bxa2 24. Re2 Rd8 25.
Nb5 Qxe3 26. Rxe3 a6 27. Nc7 Bf6 28. Re8+ Rxe8 29. Nxe8 Be5 30. f4 Kf8 31. fxe5 Kxe8 32. Kf2 Bd5 33. g4 Ke7 34. Ke3 Bxg2 35. g5 Bd5 36. Kf4 Ke6 37. Be2 b5 38. b4 Bb7 39.
Bg4+ Ke7 40. Ke3 Kd8 41. Kd4 Kc7 42. Kc5 Bc6 43. Bc8 Be4 44. Bxa6 Kd7 45. Bxb5+ Ke6 46.
Bc6 Kxe5 47. Bxe4 Kxe4 48. b5 Kf5 49. b6 Kxg5 50. b7 f5 51. b8=Q 1-0

[Event "*** Titled Tuesday Blitz"]
[Site "Chess.com"]
[Date "2020.11.24"]
[Round "6"]
[White "kleopl"]
[Black "ExtremeLearner"]
[Result "1-0"]
[WhiteElo "2520"]
[BlackElo "2382"]
[TimeControl "180+1"]
[EndTime "11:22:39 PST"]
[Termination "kleopl won by resignation"]

1. c4 e6 2. Nc3 d5 3. d4 Nf6 4. cxd5 exd5 5. Bg5 Be7 6. e3 O-O 7. Bd3 Nbd7 8. Nf3 Re8 9. O-O Nf8 10. Bxf6 Bxf6 11.
b4 Bg4 12. Qb3 c6 13. b5 Qd7 14. bxc6 bxc6 15. Nd2 Reb8 16. Qa3 Be7 17. Qc1 Bd6 18. Na4 Qe6 19. Re1 Qh6 20. g3 Ne6 21. Bf1 Ng5 22. Nc5 Nf3+ 23. Nxf3 Bxf3 24. Bg2 Bxg2 25. Kxg2 Bxc5 26.
Qxc5 Rb6 27. Rec1 Qe6 28. Rc2 Rab8 29. Rac1 h5 30. h4 Qe4+ 31. Kg1 g6 32. Qa5 R8b7 33. Qa4 Qe6 34. Rxc6 Rxc6 35. Qxc6 Qxc6 36. Rxc6 Rb1+ 37.
Kg2 Rb2 38. Ra6 Rb7 39. a4 Rd7 40. Kf3 Kg7 41. Kf4 f6 42. g4 hxg4 43. Kxg4 Kf7 44. h5 gxh5+ 45. Kxh5 Re7 46. Kg4 Kg6 47. Kf4 Rd7 48.
a5 Re7 49. Rd6 Re4+ 50. Kf3 1-0

[Event "*** Titled Tuesday Blitz"]
[Site "Chess.com"]
[Date "2020.11.24"]
[Round "6"]
[White "ShahMatKanal"]
[Black "ChessQueen"]
[Result "0-1"]
[WhiteElo "2507"]
[BlackElo "2736"]
[TimeControl "180+1"]
[EndTime "11:22:42 PST"]
[Termination "ChessQueen won on time"]

1. Nf3 Nf6 2. c4 e6 3. e3 d5 4. b3 b6 5. Bb2 Bb7 6. Be2 Be7 7. O-O O-O 8. Qc2 c5 9. a3 Nc6 10. cxd5 Qxd5 11. Nc3 Qh5 12. Ne4 Nxe4 13. Qxe4 Qg6 14. Qxg6 hxg6 15. d4 Na5 16. Nd2 Bd5 17. dxc5 bxc5 18.
Bc4 Rab8 19. Bxd5 exd5 20. b4 cxb4 21. axb4 Bxb4 22. Nf3 Nc4 23. Bd4 a5 24. Rfd1 f6 25. Ba7 Rb7 26. Bd4 Ra8 27. Ra4 Kf7 28. Ba1 Nb6 29. Ra2 a4 30. Nd4 a3 31. Rb1 Bc5 32. Nc2 Raa7 33. Bd4 Bxd4 34. exd4 Nc4 35. Rba1 Rb3 36.
Kf1 g5 37. h3 Ke6 38. Ke2 Kd6 39. Kd1 f5 40. g3 f4 41. gxf4 gxf4 42. h4 g6 43. Ke2 Ke6 44. Rg1 Kf6 45. Rga1 Rb2 0-1

[Event "*** Titled Tuesday Blitz"]
[Site "Chess.com"]
[Date "2020.11.24"]
[Round "6"]
[White "ajdemipopushi"]
[Black "GelmanAlexander"]
[Result "0-1"]
[WhiteElo "2441"]
[BlackElo "2574"]
[TimeControl "180+1"]
[EndTime "11:22:42 PST"]
[Termination "GelmanAlexander won on time"]

1. Nf3 c5 2. g3 Nf6 3. Bg2 e6 4. c4 Be7 5. O-O O-O 6. d4 cxd4 7. Nxd4 d6 8. Nc3 a6 9. b3 Qc7 10. Bb2 Nbd7 11. Rc1 Ne5 12. h3 Bd7 13. e3 Rac8 14.
Qd2 Rfd8 15. Kh2 h6 16. f4 Ng6 17. e4 Qb8 18. f5 Ne5 19. Nce2 Re8 20. Nf3 Nxe4 21.
Qe3 exf5 22. Nf4 Bc6 23. Nd4 Bg5 24. Nxf5 Nf6 25. Qd2 Bxg2 26. Kxg2 Rcd8 27. Rcd1 b5 28. cxb5 Qxb5 29. h4 Qc6+ 30. Kh3 Qc8 31. hxg5 Qxf5+ 32. Kg2 Qxg5 33. Nd5 Nxd5 34. Qxg5 hxg5 35. Rxd5 Ng4 36.
Bc1 Re2+ 37. Kg1 f6 38. Rd4 Ne5 39. Ba3 Rc8 40. Bxd6 Rcc2 41. Rf5 Rc1+ 42. Rf1 Nf3+ 0-1

[Event "*** Titled Tuesday Blitz"]
[Site "Chess.com"]
[Date "2020.11.24"]
[Round "6"]
[White "Itk04"]
[Black "Chernov_Mikhail"]
[Result "0-1"]
[WhiteElo "2453"]
[BlackElo "2340"]
[TimeControl "180+1"]
[EndTime "11:22:43 PST"]
[Termination "Chernov_Mikhail won on time"]

1. d4 d5 2. c4 Nc6 3. Nf3 Bg4 4. e3 e6 5. Nc3 Bb4 6. Bd2 Nf6 7. cxd5 exd5 8. Bb5 O-O 9. O-O Ne7 10. a3 Bd6 11. Be2 Ng6 12. h3 Bxf3 13. Bxf3 c6 14. b4 a6 15. Na4 Ne4 16. Nc5 Qe7 17. Qc2 f5 18. a4 Nh4 19. Be2 Qg5 20. g4 fxg4 21.
Nxe4 dxe4 22. hxg4 Nf3+ 23. Bxf3 Qh4 24. Rfc1 Qh2+ 25.
Kf1 exf3 26. Qc4+ Kh8 27. Ke1 Rae8 28. Qf1 Re4 29. Kd1 Qh6 30. Kc2 Qe6 31. Qd3 Qe7 32.
Rab1 Re8 33. Rh1 Kg8 34. Rh3 a5 35. bxa5 c5 36. Rbh1 cxd4 0-1

[Event "*** Titled Tuesday Blitz"]
[Site "Chess.com"]
[Date "2020.11.24"]
[Round "6"]
[White "mortngabriel"]
[Black "Savagelittlemole"]
[Result "1/2-1/2"]
[WhiteElo "2355"]
[BlackElo "2559"]
[TimeControl "180+1"]
[EndTime "11:22:44 PST"]
[Termination "Game drawn by repetition"]

1. d3 e5 2. Nf3 Nc6 3. e4 Nf6 4. g3 Bc5 5. Bg2 O-O 6. O-O d5 7. exd5 Nxd5 8. Re1 Re8 9. Nc3 Nxc3 10. bxc3 Bg4 11. Rb1 Rb8 12. h3 Bh5 13. Be3 Bxe3 14. Rxe3 Qd6 15. Qe1 Bxf3 16. Bxf3 f6 17. d4 b6 18.
Bxc6 Qxc6 19. dxe5 Rxe5 20. Rxe5 fxe5 21. Qxe5 Re8 22.
Qd4 h6 23. Rd1 Qg6 24. Qc4+ Kh7 25. Qxc7 Qxc2 26. Qd7 Re2 27. Rf1 a5 28. Qb5 Rd2 29. Qxb6 Qxc3 30. Qe6 Qd3 31. a4 Rd1 32. Rxd1 Qxd1+ 33.
Kg2 Qxa4 34. Qf5+ Kg8 35. Qe6+ Kf8 36. Qd6+ Kf7 37. Qd5+ Kf6 38. Qd6+ Kf7 39. Qd5+ Ke8 40. Qe6+ Kf8 41. Qd6+ Kg8 42. Qe6+ Kh8 43. Qc8+ Kh7 44. Qf5+ Kg8 45. Qe6+ 1/2-1/2

[Event "*** Titled Tuesday Blitz"]
[Site "Chess.com"]
[Date "2020.11.24"]
[Round "6"]
[White "Training_Day"]
[Black "canary2016"]
[Result "1-0"]
[WhiteElo "2347"]
[BlackElo "1977"]
[TimeControl "180+1"]
[EndTime "11:22:44 PST"]
[Termination "Training_Day won by checkmate"]

1. e4 e5 2. Nf3 Nf6 3. Nc3 Bb4 4. Bd3 d6 5. a3 Bc5 6. O-O O-O 7. h3 Be6 8. Re1 Nc6 9. Na4 Bb6 10. Nxb6 axb6 11.
Bf1 Nd7 12. d4 exd4 13. Nxd4 Nc5 14. g3 Qf6 15. Nxc6 bxc6 16. Bg2 Qe7 17. Be3 Nd7 18. f4 Nf6 19. Kh2 Rad8 20. Bd4 Rfe8 21. Bc3 Bd7 22.
Qd2 h6 23. e5 Nh7 24. exd6 Qxd6 25. Rxe8+ Rxe8 26. Rd1 Re6 27. Be5 Qxd2 28. Rxd2 Nf8 29. Bxc7 b5 30. b3 Re3 31. Bb6 Rc3 32. Bd4 Rc5 33.
Bxc5 Ne6 34. Rxd7 Nxc5 35. Rc7 Ne6 36. Rxc6 Nd4 37. Rc8+ Kh7 38. a4 bxa4 39. bxa4 Ne2 40. a5 Nd4 41. a6 Nb5 42. Bf1 Na7 43. Rc7 Nb5 44. Bxb5 g5 45. a7 Kh8 46. a8=Q+ Kh7 47. Bd3+ Kg7 48. Qa1+ Kf8 49. Qh8# 1-0

[Event "*** Titled Tuesday Blitz"]
[Site "Chess.com"]
[Date "2020.11.24"]
[Round "6"]
[White "boasovietica"]
[Black "Grandmaster1369"]
[Result "1-0"]
[WhiteElo "2411"]
[BlackElo "2193"]
[TimeControl "180+1"]
[EndTime "11:22:44 PST"]
[Termination "boasovietica won by checkmate"]

1. e4 c5 2. Nf3 e6 3. d4 cxd4 4.
Nxd4 Nf6 5. Nc3 Nc6 6. Nb3 Be7 7. Bd3 O-O 8. O-O d5 9. Qe2 d4 10. Nd1 e5 11. h3 a6 12. c3 dxc3 13. bxc3 b5 14.
Ne3 g6 15. Rd1 Qc7 16. Nd5 Nxd5 17. exd5 Nb8 18. Be4 Bd6 19. Bh6 Re8 20. Rac1 f5 21.
c4 bxc4 22. Rxc4 Qf7 23. Bb1 Bb7 24. Qd2 a5 25. Nc5 Bc8 26. a4 Na6 27. Ne6 Nb4 28. Nc5 Qa7 29. Rdc1 Qf7 30. Rd1 Rb8 31. f4 e4 32. Qe3 Nxd5 33. Qd4 e3 34. Re1 e2 35. Ba2 Nb4 36. Rxb4 Qxa2 37. Qg7# 1-0

[Event "*** Titled Tuesday Blitz"]
[Site "Chess.com"]
[Date "2020.11.24"]
[Round "6"]
[White "Kotofeyca"]
[Black "Nils_03"]
[Result "1-0"]
[WhiteElo "2414"]
[BlackElo "2246"]
[TimeControl "180+1"]
[EndTime "11:22:45 PST"]
[Termination "Kotofeyca won by resignation"]

1. d4 Nf6 2. c4 e6 3. Nf3 c5 4. Nc3 cxd4 5. Nxd4 Nc6 6. g3 Qb6 7. Nc2 Be7 8. Bg2 O-O 9. O-O Ne5 10. b3 Rd8 11. e4 a6 12. h3 Qc7 13. f4 Nc6 14. Bb2 b5 15. e5 Ne8 16. cxb5 axb5 17. Nxb5 Qb6+ 18. Nbd4 Ba6 19. Re1 Rac8 20. Kh2 Nxd4 21. Bxd4 Bc5 22. Bxc5 Qxc5 23. Ne3 d6 24. Rc1 Qb6 25. Rxc8 Rxc8 26. exd6 Nxd6 27. Qd2 h5 28. Rd1 Nb5 29. Nc4 Qa7 30. a4 Nc7 31. Qd7 h4 32. Nd6 hxg3+ 33. Kh1 Rf8 34. Rc1 Nb5 35. Qxa7 Nxa7 36.
Rc7 Nc8 37. Nxc8 Bxc8 38. Bc6 e5 39. fxe5 Bxh3 40. Ra7 Rd8 41. Ra8 Rxa8 42. Bxa8 Kf8 43. b4 Ke7 44. a5 Kd8 45. a6 Kc7 46. Bg2 Kb6 47. Bxh3 Kxa6 48. Bd7 f6 49. e6 Kb6 50.
e7 1-0

[Event "*** Titled Tuesday Blitz"]
[Site "Chess.com"]
[Date "2020.11.24"]
[Round "6"]
[White "MaxLeto"]
[Black "ashookk"]
[Result "0-1"]
[WhiteElo "2398"]
[BlackElo "2261"]
[TimeControl "180+1"]
[EndTime "11:22:45 PST"]
[Termination "ashookk won on time"]

1. e4 d6 2. d4 Nf6 3. Nc3 e5 4. Nf3 Nbd7 5. Bc4 Be7 6. O-O O-O 7. Re1 c6 8. a4 b6 9. d5 cxd5 10.
Bxd5 Nxd5 11. Nxd5 Nf6 12. Nxf6+ Bxf6 13. Qd5 Be6 14. Qd3 Qc7 15. b3 d5 16. exd5 e4 17. Qxe4 Bxa1 18. dxe6 Bc3 19. Bf4 Qe7 20. Re3 Bf6 21.
exf7+ Qxf7 22. Bg3 Rae8 23. Qd3 Rxe3 24. Qxe3 Re8 25. Qd2 Rd8 26. Qe2 Qd5 27. h4 Qd1+ 28.
Qf1 Qxc2 29. Qb5 Qd1+ 30. Kh2 Qd5 31. Qa6 Qd7 32. b4 h6 33. a5 bxa5 34. bxa5 Re8 35. Qc4+ Qe6 36. Qb4 a6 37. Qa4 Rc8 38. Qb4 Qc6 39.
Qd2 Rd8 40. Qe2 Re8 41. Qa2+ Qe6 42. Qd2 Kh8 43. Qd3 Rd8 44. Qa3 Be7 45. Qa4 Bd6 46. Qc2 Bxg3+ 47. Kxg3 Qd6+ 48. Kh3 Qd7+ 49. Kh2 Rc8 50.
Qe2 Re8 51. Qc4 Qe6 52. g3 Qxc4 0-1

[Event "*** Titled Tuesday Blitz"]
[Site "Chess.com"]
[Date "2020.11.24"]
[Round "6"]
[White "zaur-mammadov"]
[Black "Oleksandr_Bortnyk"]
[Result "0-1"]
[WhiteElo "2653"]
[BlackElo "2899"]
[TimeControl "180+1"]
[EndTime "11:22:46 PST"]
[Termination "Oleksandr_Bortnyk won by checkmate"]

1. e4 Nf6 2. e5 Nd5 3. c4 Nb6 4. d4 d6 5. exd6 exd6 6. Nc3 Be7 7. Bd3 O-O 8. Nge2 Bg4 9. f3 Bh4+ 10. Ng3 Re8+ 11. Ne2 Bh5 12. O-O Bg6 13. b3 Nc6 14. Bxg6 hxg6 15. d5 Ne5 16. Bb2 a5 17. a4 Nbd7 18. Qc2 Nc5 19. Bc3 c6 20. dxc6 bxc6 21. Kh1 Qb6 22. Nd4 Rab8 23. Rab1 Bxg3 24.
hxg3 f5 25. Rfd1 Kf7 26. Kg1 Rh8 27. Bd2 Nxb3 28. Be3 Nxd4 29. Bxd4 Qc7 30. c5 d5 31. Rxb8 Rxb8 32. Qc3 Nd7 33. Kf2 Rb4 34. Bxg7 Rc4 35. Qa1 Qa7 36. Bh8 Qxc5+ 37. Kf1 Qf8 38. Rb1 Qh6 39. Bd4 Qh1+ 40. Kf2 Rc2+ 41. Ke3 Qxg2 42. Re1 Qd2# 0-1

[Event "*** Titled Tuesday Blitz"]
[Site "Chess.com"]
[Date "2020.11.24"]
[Round "6"]
[White "romulocardoso"]
[Black "Escanor89"]
[Result "0-1"]
[WhiteElo "2141"]
[BlackElo "2525"]
[TimeControl "180+1"]
[EndTime "11:22:46 PST"]
[Termination "Escanor89 won on time"]

1. e4 c5 2. Nf3 d6 3. d4 cxd4 4. Nxd4 Nf6 5. Nc3 a6 6. Be2 e5 7. Nb3 Be7 8. O-O O-O 9. Be3 Be6 10. Kh1 b5 11. f4 Qc7 12. Bf3 Nbd7 13. f5 Bc4 14.
Rg1 b4 15. Nd5 Bxd5 16. exd5 e4 17. Be2 Rfc8 18. Rc1 Qb7 19. g4 Nxd5 20. Bd4 Bg5 21. Rb1 a5 22. a4 Ne5 23. Rg3 Nf4 24. c4 Nxe2 25. Qxe2 Nxc4 26. Re1 d5 27. Nc5 Qe7 28. b3 Ne5 29. Qf2 Bh4 30. Ree3 Bxg3 31. Rxg3 Nf3 32.
f6 gxf6 33. g5 fxg5 34. Be3 f6 35. Rxf3 exf3 36. Qxf3 Rxc5 37. Qf5 Qxe3 0-1

[Event "*** Titled Tuesday Blitz"]
[Site "Chess.com"]
[Date "2020.11.24"]
[Round "6"]
[White "Msb2"]
[Black "Evgeny81"]
[Result "1-0"]
[WhiteElo "2916"]
[BlackElo "2720"]
[TimeControl "180+1"]
[EndTime "11:22:47 PST"]
[Termination "Msb2 won on time"]

1. d4 d5 2. Nc3 Nf6 3. Bf4 e6 4. Nb5 Na6 5. e3 Be7 6. Nf3 O-O 7. Be2 c6 8. Nc3 c5 9. Nb5 Bd7 10. a4 cxd4 11. exd4 Ne4 12. c3 Bc6 13. O-O Nd6 14. Ne5 Nc7 15. Na3 Qe8 16. Nb1 f6 17. Nxc6 Qxc6 18. Nd2 Nf7 19. Bg3 Bd6 20. f4 f5 21. Nf3 Qb6 22. b4 Ne8 23. Ne5 Qc7 24. Rc1 Nf6 25. Bd3 Ne4 26. Bxe4 fxe4 27. Qg4 Rae8 28. Qe2 Nh6 29. c4 Bxb4 30. cxd5 Qd6 31. dxe6 Rxe6 32. Qxe4 Rd8 33. Bf2 Re7 34. Bh4 Bd2 35.
Bxe7 Qxe7 36. Rcd1 Bc3 37. Kh1 Ba5 38. f5 Bc7 39. Rde1 Qd6 40. Qc2 Rf8 41. Qb3+ Kh8 42.
Qxb7 Qd8 43. h3 1-0

[Event "*** Titled Tuesday Blitz"]
[Site "Chess.com"]
[Date "2020.11.24"]
[Round "6"]
[White "alexrustemov"]
[Black "Kretov_Evgenij"]
[Result "1-0"]
[WhiteElo "2651"]
[BlackElo "2439"]
[TimeControl "180+1"]
[EndTime "11:22:48 PST"]
[Termination "alexrustemov won by resignation"]

1. d4 Nf6 2. c4 c5 3. d5 e5 4.
Nc3 d6 5. e4 Be7 6. h3 O-O 7.
Bd3 Ne8 8. Nf3 Nd7 9. g4 g6 10. Bh6 Ng7 11. Rg1 Nf6 12. Qc2 Kh8 13. Nd2 Ng8 14.
Be3 Bg5 15. Nf3 Bxe3 16. fxe3 a6 17. a4 Rb8 18. Qg2 Bd7 19. Kd2 Qa5 20. Kc2 Qb4 21. Ra3 b5 22. axb5 axb5 23. Rb3 Qa5 24. cxb5 c4 25. Bxc4 Rfc8 26. Nd2 Ne7 27. Qe2 f5 28. gxf5 gxf5 29. Ra3 Qb6 30. Ra6 Qc7 31. Rc6 Bxc6 32. dxc6 fxe4 33. Ndxe4 d5 34. Qg4 Nef5 35. Nxd5 Qa5 36.
Nec3 Rf8 37. Qe2 e4 38. Rg4 Rbe8 39. Rxe4 Nd6 40. Rxe8 Rxe8 41. Bd3 Qa1 42. Qf3 Qe1 43. e4 Qh4 44. c7 Nc8 45. Qf6 Qxh3 46. b6 Qg2+ 47. Kb3 Qg1 48. b7 Na7 49. b8=Q 1-0